 Dungeon Crawl Stone Soup version 0.27-a0-203-gd48b2df3c9 (webtiles) character file.

Game seed: 2524532886434615475

528760 iamserjio the Deadly Accurate (level 23, 213/213 HPs)
             Began as a Centaur Brigand on July 14, 2020.
             Was a High Priest of Okawaru.
             Got out of the dungeon
             ... with 4 runes on Jan 30, 2021!
             The game lasted 03:53:35 (30778 turns).

iamserjio the Deadly Accurate (Centaur Brigand)    Turns: 30778, Time: 03:53:36

Health: 213/213    AC: 38    Str: 27    XL:     23   Next: 90%
Magic:  32/32      EV:  8    Int: 10    God:    Okawaru [*****.]
Gold:   2043       SH: 25    Dex: 14    Spells: 19/22 levels left

rFire    + + .     SeeInvis +   s - +7 hand axe (distort)
rCold    + + .     Faith    .   R - +5 tower shield {rN+}
rNeg     + + .     Spirit   +   b - +0 gold dragon scales
rPois    +         Reflect  .   m - +2 hat of the Bear Spirit {Spirit, +Rage rN+ Will++}
rElec    .         Harm     .   P - scarf {rC+ rF+}
rCorr    .         Rampage  .   Y - +2 pair of gloves
Will     +++..                  n - +4 barding {Stlth+}
Stlth    ..........             S - amulet of Funao {Regen+ Str+4 SInv}
HPRegen  0.85/turn              l - ring of the Sun {+Fly AC+4 Str+2}
MPRegen  0.23/turn              k - +4 ring of evasion

@: very quick
A: large, hooves 3, deformed body, speed 2, mutation resistance 1, shaggy fur 1,
tough skin 3
}: 4/15 runes: serpentine, barnacled, slimy, silver
a: Renounce Religion, Evoke Berserk Rage, Evoke Flight, Heroism, Finesse


You escaped.
You worshipped Okawaru.
Okawaru was extremely pleased with you.
You visited 9 branches of the dungeon, and saw 45 of its levels.
You also visited: Ice Cave and Volcano.

You collected 4284 gold pieces.
You spent 2241 gold pieces at shops.

Inventory:

Hand Weapons
 d - a +3 vorpal broad axe
 s - a +7 hand axe of distortion (weapon)
 z - a +5 broad axe
Missiles
 e - 5 throwing nets (quivered) {!f}
 D - 27 javelins
 L - 6 silver boomerangs
 T - 9 curare-tipped darts
 Z - 81 silver javelins
Armour
 b - +0 gold dragon scales (worn)
 m - the +2 hat of the Bear Spirit (worn) {Spirit, +Rage rN+ Will++}
   (You found it on level 5 of the Pits of Slime)

   It protects you from negative energy.
   It affects your willpower, your defense against some magical effects.
   It lets you go berserk.
 n - a +4 barding of stealth (worn)
 o - the +2 helmet of Free Expression {+Blink rPois rC++ Will-}
   (You found it on level 5 of the Vaults)

   It greatly protects you from cold.
   It protects you from poison.
   It affects your willpower, your defense against some magical effects.
   It lets you blink.
 A - the +2 buckler of Salvation {rElec rCorr Int+4}
   (You found it on level 6 of the Dungeon)

   It affects your intelligence (+4).
   It insulates you from electricity.
   It provides partial protection from all sources of acid and corrosion.
 P - a scarf of resistance (worn)
 Q - a +1 barding of fire resistance
 R - a +5 tower shield of positive energy (worn)
 Y - a +2 pair of gloves (worn)
Jewellery
 h - an uncursed ring of protection from cold
 k - a +4 ring of evasion (right hand)
 l - the ring of the Sun (left hand) {+Fly AC+4 Str+2}
   (You found it on level 3 of the Shoals)

   [ring of protection]

   It affects your AC (+4).
   It affects your strength (+2).
   It lets you fly.
 y - the ring "Rucraem" {Wiz rC- Str+4 Dex+6 Slay+3}
   (You found it on level 3 of the Shoals)

   [ring of wizardry]

   It improves your spell success rate.
   It affects your strength (+4).
   It affects your dexterity (+6).
   It affects your accuracy and damage with ranged weapons and melee attacks
   (+3).
   It makes you vulnerable to cold.
 J - the ring "Paes" {rPois Str+4 Slay+2 Stlth-}
   (You found it on level 5 of the Vaults)

   [ring of poison resistance]

   It affects your strength (+4).
   It affects your accuracy and damage with ranged weapons and melee attacks
   (+2).
   It protects you from poison.
   It makes you less stealthy.
 M - an uncursed ring of willpower
 S - the amulet of Funao (around neck) {Regen+ Str+4 SInv}
   (You found it on level 4 of the Shoals)

   [amulet of regeneration]

   It affects your strength (+4).
   It lets you see invisible.
   It increases your rate of regeneration.
 V - a cursed ring of teleportation {@r3}
Wands
 a - a wand of removedness (3)
 c - a wand of iceblast (20) {@v2}
 F - a wand of acid (14) {@v1}
 O - a wand of digging (3) {@v3}
Scrolls
 g - 4 scrolls of immolation
 i - 6 scrolls of remove curse {@r2}
 p - 14 scrolls of teleportation {@r3}
 t - 4 scrolls of blinking {@r4}
 C - a scroll of fear
 E - 5 scrolls of fog
 G - 12 scrolls of magic mapping {@r5}
 H - 2 scrolls of holy word
Potions
 j - 4 potions of cancellation
 q - 3 potions of haste {@q4}
 r - 9 potions of curing {@q1}
 u - 3 potions of invisibility
 v - 4 potions of resistance {@q5}
 w - 2 potions of magic
 B - 5 potions of lignification
 N - 3 potions of might {@q3}
 U - a potion of attraction
 X - 4 potions of mutation
Miscellaneous
 x - a box of beasts
 I - a tin of tremorstones (2/2)
Comestibles
 f - 33 removed foods


   Skills:
 + Level 19.2 Fighting
 - Level 1.7 Short Blades
 - Level 17.9(18.0) Axes
 - Level 3.0(12.4) Polearms
 - Level 20.0 Throwing
 - Level 15.1 Armour
 - Level 7.0 Dodging
 - Level 2.4 Stealth
 - Level 13.0 Shields
 * Level 12.3 Invocations
 - Level 6.2 Evocations


You had 19 spell levels left.
You knew the following spells:

 Your Spells              Type           Power        Failure   Level
a - Apportation           Tloc           0%           100%        1
c - Blink                 Tloc           N/A          100%        2

Your spell library contained the following spells:

 Spells                   Type           Power        Failure   Level
 Freeze                   Ice            0%           100%        1
 Magic Dart               Conj           0%           100%        1
 Call Imp                 Summ           0%           100%        2
 Slow                     Hex            0%           100%        2
 Conjure Flame            Conj/Fire      0%           100%        3
 Frozen Ramparts          Ice            0%           100%        3
 Lesser Beckoning         Tloc           0%           100%        3
 Mephitic Cloud           Conj/Pois/Air  0%           100%        3
 Ozocubu's Armour         Ice            0%           100%        3
 Tukima's Dance           Hex            0%           100%        3
 Hailstorm                Conj/Ice       0%           100%        4
 Summon Ice Beast         Ice/Summ       0%           100%        4
 Alistair's Intoxication  Tmut/Pois      0%           100%        5
 Invisibility             Hex            0%           100%        6
 Malign Gateway           Summ/Tloc      0%           100%        7
 Monstrous Menagerie      Summ           0%           100%        7
 Summon Greater Demon     Summ           0%           100%        7
 Summon Horrible Things   Summ           0%           100%        8


Dungeon Overview and Level Annotations

Branches:
Dungeon (15/15)            Temple (1/1) D:6            Lair (6/6) D:10
 Shoals (4/4) Lair:4        Snake (4/4) Lair:4        Slime (5/5) Lair:6
    Orc (2/2) D:10            Elf (3/3) Orc:2        Vaults (5/5) D:13
  Crypt (0/3) Vaults:2      IceCv (visited)         Volcano (visited)
 Depths: D:15

Altars:
Ashenzari
Cheibriados
Dithmenos
Elyvilon
Fedhas
Gozag
Hepliaklqana
Kikubaaqudgha
Makhleb
Nemelex Xobeh
Okawaru
Qazlal
Ru
Sif Muna
Trog
Uskayaw
Vehumet
Wu Jian
Xom
Yredelemnul
Zin
The Shining One
Beogh
Jiyva

Shops:
D:4 ?   D:5 x(}   D:9 =   D:10 (   D:13 [   Orc:1 }   Orc:2 =*([   Elf:1 x
Elf:2 }   Shoals:4 *   Snake:1 ?!(   Snake:3 }=}   Vaults:1 *   Vaults:4 *

Portals:
Hell: Lair:6

Annotations:
Lair:1 exclusion: oklob plant
Elf:2 5 runed translucent doors
Abyss:1 Agnes; Aizul; Asterion; Jorgrun; Kirke; Louise; Nikola


Innate Abilities, Weirdness & Mutations

You have hooves in place of feet.
Armour fits poorly on your strangely shaped body.
You cover ground very quickly.
You have extremely tough skin. (AC +3)
You are somewhat resistant to further mutation.
You are covered in fur. (AC +1)


Message History

You climb upwards.
There is a stone staircase leading down here.
There is an open door here.
You open the door.
There is an open door here.
There is a stone staircase leading up here.
You climb upwards.
There is a stone staircase leading down here.
There is a stone staircase leading up here.
You climb upwards.
There is a stone staircase leading down here.
You see here a leather armour.
You open the door.
There is an open door here.
There is a staircase leading out of the dungeon here.
Okay, then.
Are you sure you want to leave the Dungeon?
This will make you lose the game!
Alright, then stay!
Are you sure you want to leave the Dungeon?
This will make you lose the game!
You have escaped!

#.....# .##.#..).#.
#######.###.###.##......#.
###...............##........
...............#####.##..###
...............# ....##.)#
....####.................#
....####.++++++.########†###
.........+....+.............
....####.+.@..+..####.......
. #.'....+..# #.......
#.+....+ #....... ##.++'+++#
#....... #....[..(# ####.###
#.####..###+### #.### #.
#.............# #.... #.
#..........(..# #†### #.
##.............# #.#


There were no monsters in sight!

Vanquished Creatures
  the Royal Jelly (Slime:5)
  Margery (Vaults:3)
  Saint Roka (Elf:3)
  2 golden dragons (Vaults:5)
  A lich (Vaults:3)
  A quicksilver dragon (Vaults:5)
  2 deep elf blademasters (Elf:3)
  2 deep elf master archers (Elf:3)
  3 titans (Vaults:5)
  Frances (Snake:1)
  22 acid blobs
  The ghost of mortelune the Bludgeoner, an adept FoAK of Lugonu (Shoals:3)
  The ghost of Ruet the Markscentaur, an adept CeHu of Okawaru (Elf:2)
  7 azure jellies
  3 tengu reavers
  A shadow dragon (Vaults:5)
  A storm dragon (Vaults:5)
  2 fire giants
  2 nagarajas (Snake:4)
  11 deep elf sorcerers
  2 frost giants
  10 vault wardens
  An orc warlord (Orc:2)
  5 deep elf elementalists
  7 ironheart preservers
  The ghost of Zuss the Grappler, a journeyman TrTm of Cheibriados (D:14)
  6 stone giants
  2 war gargoyles (Vaults:5)
  2 entropy weavers
  3 very ugly things
  Nessos (D:12)
  7 deep elf demonologists
  4 deep elf annihilators (Elf:3)
  A red draconian (Volcano)
  4 deep elf death magi
  An eidolon (Vaults:2)
  3 ettins (Vaults:5)
  A blizzard demon (IceCv)
  Snorg (Lair:5)
  6 merfolk javelineers
  A fire dragon (Vaults:1)
  3 merfolk impalers
  5 death oozes (Slime:5)
  Josephine (Snake:1)
  4 deep elf high priests
  6 great orbs of eyes
  3 ice dragons
  2 hydras (Lair:6)
  A great orb of eyes (shapeshifter) (Vaults:5)
  7 yaktaur captains
  10 ogre magi
  3 naga warriors
  21 vault guards
  A rakshasa (Vaults:2)
  12 anacondas
  The ghost of Flugslaktarn the Nimble, a journeyman VSIE of Cheibriados (Orc:2)
  3 merfolk avatars
  4 centaur warriors
  An anaconda (shapeshifter) (Vaults:5)
  A merfolk aquamancer (Shoals:3)
  26 two-headed ogres
  6 dancing weapons
  2 death knights
  4 death yaks
  5 satyrs
  3 tengu warriors
  2 catoblepae (Lair:5)
  A vampire mage (Vaults:2)
  6 hell knights
  2 orc high priests
  2 deep troll earth magi
  8 shock serpents
  9 deep elf knights
  Nergalle (D:12)
  8 naga sharpshooters
  A shock serpent (shapeshifter) (Vaults:5)
  A sixfirhy (Lair:6)
  8 sea snakes
  2 unseen horrors (D:13)
  9 skeletal warriors
  4 salamander mystics
  6 deep trolls
  A naga ritualist (Snake:3)
  An unseen horror (shapeshifter) (Vaults:3)
  18 deep elf archers
  2 glowing orange brains
  A flayed ghost (Vaults:1)
  2 wizards
  A necromancer (Vaults:4)
  2 wolf spiders
  13 orc knights
  14 harpies
  2 lindwurms (Snake:4)
  20 ugly things
  4 wolf spider zombies
  3 mana vipers
  11 ironbrand convokers
  8 salamanders
  13 fauns
  6 orc sorcerers
  51 deep elf pyromancers
  2 shining eyes
  7 cyclopes
  13 manticores
  3 water nymphs
  2 black mambas (shapeshifter)
  24 black mambas
  8 centaur zombies
  6 guardian serpents (Snake:4)
  9 merfolk sirens
  24 naga magi
  An ice statue (IceCv)
  3 orange demons (Lair:6)
  A gargoyle (Volcano)
  A torpor snail (Lair:6)
  15 vault sentinels
  4 eyes of devastation
  9 cane toads
  A molten gargoyle (Volcano)
  A komodo dragon (shapeshifter) (Vaults:1)
  A kobold demonologist (D:13)
  10 centaur skeletons
  A rime drake (shapeshifter) (Elf:1)
  A hellwing (Lair:6)
  8 freezing wraiths
  11 komodo dragons
  5 rime drakes
  An efreet (D:15)
  A redback zombie (D:14)
  21 yaktaurs
  10 ice devils
  2 red devils (Lair:6)
  2 harpy zombies (D:14)
  11 merfolk
  8 trolls
  4 meliai
  The ghost of slayr the Grasshopper, an amateur GnWr (D:3)
  A jumping spider (Vaults:4)
  A blink frog (shapeshifter) (Vaults:5)
  7 wind drakes
  A wind drake (shapeshifter) (Elf:3)
  5 blink frogs
  45 slime creatures
  12 removed hippogriffs
  A removed hippogriff (shapeshifter) (Vaults:3)
  4 snapping turtles
  11 dream sheep
  An air elemental (Elf:3)
  Sigmund (D:3)
  12 water elementals
  A redback (shapeshifter) (Vaults:5)
  3 shadows
  4 wraiths
  A yak (shapeshifter) (Vaults:2)
  An ettin skeleton (Vaults:4)
  3 wyverns
  2 tarantellas (Vaults:4)
  32 yaks
  10 golden eyes
  3 hogs (Elf:1)
  3 basilisks
  2 fire elementals (Elf:1)
  2 steam dragons
  4 vampire mosquitoes (D:14)
  5 wargs
  Edmund (D:4)
  36 nagas
  3 acid dragons
  6 removed porcupines
  18 water moccasins
  A floating eye (shapeshifter) (Vaults:4)
  3 hell hounds (Lair:6)
  A floating eye (Snake:4)
  2 sky beasts
  7 ice beasts
  37 orc warriors
  A black bear (D:10)
  A hornet zombie (D:12)
  4 eyes of draining
  42 ogres
  3 phantoms
  A wolf (shapeshifter) (Vaults:4)
  22 centaurs
  13 wolves
  2 boggarts (Vaults:2)
  9 removed crocodiles
  A big kobold (D:12)
  12 bullfrogs
  2 earth elementals (Elf:1)
  A scorpion (Lair:2)
  A human simulacrum (Vaults:2)
  31 killer bees
  2 killer bees (shapeshifter)
  28 wights
  2 howler monkeys
  4 electric eels (D:7)
  A lava snake (Orc:1)
  2 bullfrog zombies
  13 jellies
  A quasit (D:13)
  2 hounds
  23 orc wizards
  A bullfrog skeleton (D:7)
  32 orc priests
  3 iguanas
  6 hell rats (Lair:2)
  9 worker ants
  The ghost of crawlian the Firebug, a weakling DEFE (D:3)
  2 worker ant zombies
  Robin (D:4)
  5 gnolls
  11 adders
  A shadow imp (D:9)
  11 white imps
  5 ufetubi (IceCv)
  2 adder zombies (D:9)
  5 worms
  2 dart slugs (D:1)
  2 leopard geckos
  113 orcs
  4 giant cockroaches
  18 goblins
  15 hobgoblins
  8 jackals
  14 kobolds
  3 quokkas
  3 ball pythons
  4 bats
  5 frilled lizards
  A jackal skeleton (D:7)
  A quokka skeleton (D:4)
  10 rats
  2 fungi
  4 plants
  4 removed crawling corpses
1570 creatures vanquished.

Vanquished Creatures (collateral kills)
  2 vault guards (D:13)
  A centaur warrior (D:14)
  4 death yaks
  A meliai (D:14)
  A polar bear (Lair:6)
  A slime creature (D:14)
  5 yaks
  3 wargs (Orc:2)
  3 orc warriors (Orc:2)
  6 centaurs (D:14)
  2 orc wizards (Orc:2)
  An orc priest (D:13)
  3 orcs
33 creatures vanquished.

Vanquished Creatures (others)
  A bone dragon (D:14)
  A sphinx (Vaults:4)
  A tengu reaver (Vaults:5)
  A shadow dragon (Vaults:5)
  2 deep elf sorcerers
  2 nagarajas (Snake:4)
  3 fire giants (Vaults:5)
  6 vault wardens
  The ghost of melvinkitnick the Brawler, a journeyman DrTm of Makhleb (Orc:2)
  An iron dragon (Elf:1)
  A frost giant (Shoals:4)
  A deep elf elementalist (Vaults:5)
  4 ironheart preservers
  A stone giant (shapeshifter) (Vaults:5)
  A deep elf demonologist (Elf:3)
  3 stone giants
  3 deep elf annihilators
  An eidolon (Vaults:2)
  2 deep elf death magi (Vaults:5)
  5 ettins (Vaults:5)
  A merfolk javelineer (Shoals:4)
  The ghost of Flugslaktarn the Geomancer, a journeyman VSIE of Cheibriados (Orc:2)
  A merfolk impaler (Shoals:4)
  A death ooze (Slime:4)
  2 deep elf high priests (Elf:3)
  2 yaktaur captains
  An ice dragon (Vaults:5)
  A rakshasa (Vaults:3)
  10 vault guards
  7 naga warriors
  2 centaur warriors
  4 great orbs of eyes
  An ogre mage (Vaults:5)
  A merfolk avatar (Shoals:4)
  An alligator snapping turtle (Shoals:4)
  A death knight (Vaults:2)
  3 anacondas (Snake:4)
  4 two-headed ogres
  2 merfolk aquamancers
  2 dancing weapons
  5 deep elf knights
  5 naga sharpshooters
  2 shock serpents
  3 hell knights
  A shadow wraith (Vaults:3)
  4 salamander mystics
  2 skeletal warriors (Vaults:2)
  A small abomination (Vaults:5)
  4 naga ritualists
  A glowing orange brain (shapeshifter) (Elf:3)
  2 sea snakes (Shoals:1)
  8 deep trolls
  A wizard (Vaults:3)
  A phantasmal warrior (Vaults:5)
  7 deep elf archers
  A necromancer (Vaults:4)
  5 harpies
  5 ironbrand convokers
  2 lindwurms (Snake:4)
  A cyclops (Shoals:3)
  4 mana vipers
  2 wolf spiders
  An orb spider (shapeshifter) (Vaults:3)
  3 ugly things
  4 salamanders
  5 fauns
  10 deep elf pyromancers
  7 orc knights
  A centaur zombie (D:14)
  A wolf spider zombie (D:14)
  5 manticores
  8 black mambas
  A guardian serpent (shapeshifter) (Vaults:3)
  6 vault sentinels
  4 guardian serpents
  11 naga magi
  A cane toad (shapeshifter) (Vaults:3)
  An ice statue (IceCv)
  2 yaktaur zombies (Vaults:4)
  A freezing wraith (Vaults:3)
  12 yaktaurs
  4 ice devils (IceCv)
  5 merfolk
  3 wind drakes
  2 trolls (Elf:3)
  A dream sheep (Shoals:2)
  23 slime creatures
  An ettin zombie (Vaults:4)
  3 snapping turtles (Shoals:3)
  A removed hippogriff (Shoals:1)
  A tarantella (shapeshifter) (Vaults:5)
  An air elemental (Elf:1)
  A wraith (Snake:1)
  A wyvern (shapeshifter) (Vaults:3)
  A water elemental (Elf:1)
  A hog (Elf:1)
  A golden eye (Slime:1)
  A warg (Vaults:3)
  13 nagas
  An acid dragon (Vaults:2)
  8 orc warriors
  An eye of draining (Slime:4)
  4 ogres
  2 boggarts (Vaults:2)
  The ghost of sanka the Chiller, an amateur BaIE (D:3)
  A removed crocodile (Lair:2)
  2 earth elementals
  5 white imps (IceCv)
  2 ufetubi (IceCv)
  7 fungi
  21 plants
  A removed crawling corpse (Vaults:5)
360 creatures vanquished.

Grand Total: 1963 creatures vanquished

Notes
Turn   | Place    | Note
-------+----------+-------------------------------------------
     0 | D:1      | iamserjio the Centaur Brigand began the quest for the Orb.
     0 | D:1      | Reached XP level 1. HP: 17/17 MP: 1/1
    25 | D:1      | You fall into a shaft and drop 1 floor!
    91 | D:1      | Reached XP level 2. HP: 22/25 MP: 2/2
   212 | D:1      | Reached XP level 3. HP: 19/31 MP: 3/3
   468 | D:2      | Reached skill level 1 in Axes
   687 | D:2      | Reached XP level 4. HP: 17/40 MP: 4/4
   727 | D:2      | Found a glowing silver altar of Zin.
   727 | D:2      | Found a glowing golden altar of the Shining One.
   730 | D:2      | Found a white marble altar of Elyvilon.
  1057 | D:3      | Reached XP level 5. HP: 29/46 MP: 5/5
  1141 | D:3      | Found a runed translucent gate.
  1142 | D:3      | Found a runed translucent gate.
  1142 | D:3      | Found a runed translucent gate.
  1142 | D:3      | Noticed crawlian's ghost (weakling DEFE)
  1142 | D:3      | Noticed sanka's ghost (amateur BaIE)
  1143 | D:3      | Noticed slayr's ghost (amateur GnWr)
  1157 | D:3      | Noticed Sigmund
  1183 | D:3      | Killed Sigmund
  1183 | D:3      | Reached skill level 1 in Armour
  1183 | D:3      | Reached XP level 6. HP: 24/53 MP: 6/6
  1452 | D:4      | Noticed Robin
  1462 | D:4      | Reached skill level 1 in Polearms
  1525 | D:4      | Killed Robin
  1525 | D:4      | Reached skill level 5 in Fighting
  1570 | D:4      | Noticed Edmund
  1580 | D:4      | Killed Edmund
  1580 | D:4      | Reached XP level 7. HP: 17/61 MP: 7/7
  1797 | D:5      | Entered Level 5 of the Dungeon
  1894 | D:4      | Found Weufrioc's Magic Scroll Boutique.
  1897 | D:4      | Bought a scroll of teleportation for 30 gold pieces
  1897 | D:4      | Bought a scroll of teleportation for 30 gold pieces
  1897 | D:4      | Bought a scroll of teleportation for 30 gold pieces
  1897 | D:4      | Bought a scroll of identify for 20 gold pieces
  2068 | D:5      | Found a blossoming altar of Fedhas.
  2087 | D:5      | Found Wumoithre's Gadget Shoppe.
  2107 | D:5      | Bought a wand of paralysis (3) for 55 gold pieces
  2122 | D:5      | Found Cicuvy's Antique Weapon Shoppe.
  2206 | D:5      | Noticed a moth of wrath
  2208 | D:5      | Found a bloodstained altar of Trog.
  2425 | D:5      | Found Dickaq's Food Emporium.
  2542 | D:6      | Reached skill level 3 in Throwing
  2542 | D:6      | Reached skill level 1 in Evocations
  2546 | D:6      | Found a staircase to the Ecumenical Temple.
  2554 | Temple   | Entered the Ecumenical Temple
  2599 | Temple   | Became a worshipper of Warmaster Okawaru
  2678 | D:6      | Found a sacrificial altar of Ru.
  2744 | D:6      | Reached XP level 8. HP: 70/70 MP: 8/8
  2777 | D:6      | Found an opulent altar of Gozag.
  2852 | D:6      | Reached skill level 5 in Axes
  2964 | D:6      | Reached * piety under Okawaru
  3025 | D:6      | Reached skill level 1 in Invocations
  3052 | D:6      | Got an ichor-stained buckler
  3081 | D:6      | Reached skill level 4 in Throwing
  3270 | D:7      | Reached XP level 9. HP: 21/78 MP: 8/11
  3400 | D:6      | Identified the +2 buckler of Salvation {rElec rCorr Int+4}
                  | (You found it on level 6 of the Dungeon)
  3561 | D:8      | Found a shimmering altar of Xom.
  3563 | D:8      | Found a bloodstained altar of Trog.
  3943 | D:7      | Reached skill level 5 in Throwing
  4116 | D:8      | Found a radiant altar of Vehumet.
  4132 | D:8      | Found a burning altar of Makhleb.
  4467 | D:8      | Reached ** piety under Okawaru
  4632 | D:9      | Noticed a komodo dragon
  4688 | D:9      | Killed a komodo dragon
  4688 | D:9      | Reached skill level 6 in Throwing
  4688 | D:9      | Reached XP level 10. HP: 51/86 MP: 13/13
  4749 | D:9      | Reached skill level 5 in Invocations
  4781 | D:9      | Found a stormy altar of Qazlal.
  4826 | D:9      | Noticed a two-headed ogre
  4859 | D:9      | Killed a two-headed ogre
  4859 | D:9      | Reached *** piety under Okawaru
  4905 | D:9      | Found a hide-covered altar of Uskayaw.
  4922 | D:9      | Found a shadowy altar of Dithmenos.
  4983 | D:9      | Found an ornate altar of the Wu Jian Council.
  5019 | D:9      | Found Ururary's Jewellery Shoppe.
  5022 | D:9      | Found a shimmering blue altar of Sif Muna.
  5033 | D:9      | Bought a cursed ring of see invisible for 144 gold pieces
  5201 | D:10     | Entered Level 10 of the Dungeon
  5204 | D:10     | Noticed a two-headed ogre
  5211 | D:10     | Reached skill level 7 in Throwing
  5219 | D:10     | Killed a two-headed ogre
  5219 | D:10     | Reached **** piety under Okawaru
  5271 | D:10     | Found Vyosch Rara's Weapon Boutique.
  5326 | D:10     | Noticed a two-headed ogre
  5327 | D:10     | Found a roughly hewn altar of Beogh.
  5360 | D:10     | Noticed an orc sorcerer
  5508 | D:11     | Noticed a cyclops
  5795 | D:11     | Reached XP level 11. HP: 45/95 MP: 5/14
  5900 | D:11     | Noticed a red ugly thing
  6117 | D:10     | Found a transporter.
  6119 | D:10     | Found a transporter.
  6158 | D:10     | Found a staircase to the Orcish Mines.
  6229 | D:10     | Reached skill level 8 in Throwing
  6298 | D:10     | Found a staircase to the Lair.
  6364 | Lair:1   | Entered Level 1 of the Lair of Beasts
  6386 | Lair:1   | Reached skill level 10 in Axes
  6510 | Lair:1   | Noticed an oklob plant
  6676 | Lair:1   | You fall into a shaft and drop 1 floor!
  6802 | Lair:2   | Received a gift from Okawaru
  6892 | Lair:2   | Noticed a death yak
  6892 | Lair:2   | Noticed a death yak
  6893 | Lair:2   | Noticed a death yak
  6893 | Lair:2   | Noticed a death yak
  6893 | Lair:2   | Noticed a death yak
  6893 | Lair:2   | Noticed a death yak
  6969 | Lair:2   | Reached skill level 5 in Evocations
  7474 | Lair:3   | Received a gift from Okawaru
  7474 | Lair:3   | Reached skill level 9 in Throwing
  7678 | Lair:4   | Found a staircase to the Snake Pit.
  7714 | Lair:4   | Found a staircase to the Shoals.
  7718 | Lair:4   | Reached skill level 1 in Shields
  7837 | Lair:4   | Reached XP level 12. HP: 91/106 MP: 15/15
  7941 | Lair:4   | Noticed a death yak
  7941 | Lair:4   | Noticed a death yak
  7942 | Lair:4   | Noticed a death yak
  7942 | Lair:4   | Noticed a death yak
  8073 | Lair:4   | Killed a death yak
  8073 | Lair:4   | Reached skill level 10 in Fighting
  8139 | Lair:5   | Noticed a catoblepas
  8139 | Lair:5   | Noticed a catoblepas
  8192 | Lair:4   | Killed a death yak
  8346 | Lair:4   | Killed a death yak
  8388 | Lair:4   | Killed a death yak
  8424 | Lair:4   | Learned a level 1 spell: Apportation
  8426 | Lair:4   | Learned a level 7 spell: Summon Butterflies
  8429 | Lair:4   | Learned a level 2 spell: Blink
  8661 | D:11     | Reached ***** piety under Okawaru
  8752 | D:11     | Received a gift from Okawaru
  8827 | D:11     | Reached skill level 10 in Throwing
  9136 | D:12     | Noticed Nergalle
  9506 | D:12     | Received a gift from Okawaru
  9592 | D:12     | Noticed Nessos
  9856 | D:13     | Found Hosucokk's Antique Armour Shoppe.
 10013 | D:13     | Noticed a two-headed ogre
 10030 | D:13     | Killed a two-headed ogre
 10030 | D:13     | Reached XP level 13. HP: 96/116 MP: 16/16
 10077 | D:13     | Received a gift from Okawaru
 10180 | D:13     | Found a gate to the Vaults.
 10189 | D:13     | Reached skill level 5 in Armour
 10268 | D:13     | Received a gift from Okawaru
 10268 | D:13     | Reached skill level 1 in Dodging
 10269 | D:13     | Got a crude helmet {god gift}
 10317 | D:13     | Identified the +0 helmet "Jashrit" {+Inv SInv} (Okawaru
                  | gifted it to you on level 13 of the Dungeon)
 10631 | D:12     | Killed Nergalle
 10691 | D:12     | Killed Nessos
 11002 | Lair:5   | Noticed Snorg
 11013 | Lair:5   | Killed Snorg
 11082 | Lair:6   | Entered Level 6 of the Lair of Beasts
 11110 | Lair:6   | Found a dark tunnel.
 11144 | Volcano  | Entered a volcano
 11222 | Volcano  | Found a burning altar of Makhleb.
 11237 | Volcano  | Noticed a red draconian
 11243 | Volcano  | Killed a red draconian
 11243 | Volcano  | Reached skill level 5 in Shields
 11252 | Volcano  | Reached XP level 14. HP: 53/127 MP: 17/17
 11467 | Lair:6   | Received a gift from Okawaru
 11542 | Lair:6   | Found a staircase to the Slime Pits.
 11832 | Lair:6   | Found a burning altar of Makhleb.
 11965 | Lair:6   | Found a gateway to Hell.
 12360 | D:14     | Received a gift from Okawaru
 12616 | D:14     | Noticed a bone dragon
 12617 | D:14     | Found the +9 sword of Zonguldrok {reap}
 12919 | D:14     | Found a runed translucent gate.
 12920 | D:14     | Noticed a stone giant
 12926 | D:14     | Noticed Zuss's ghost (journeyman TrTm)
 12927 | D:14     | Found a runed translucent gate.
 12927 | D:14     | Found a runed translucent gate.
 12928 | D:14     | Found an iron altar of Okawaru.
 13075 | D:15     | Entered Level 15 of the Dungeon
 13129 | D:15     | Received a gift from Okawaru
 13137 | D:15     | Identified the +5 hand axe of Cataclysm {vorpal, Str+4}
                  | (Okawaru gifted it to you on level 15 of the Dungeon)
 13163 | D:15     | Reached XP level 15. HP: 64/139 MP: 18/20
 13351 | D:15     | Reached skill level 15 in Fighting
 13430 | D:15     | Found a shattered altar of Ashenzari.
 13654 | D:13     | Bought a shiny centaur barding for 728 gold pieces
 14149 | D:10     | Received a gift from Okawaru
 14287 | Orc:1    | Entered Level 1 of the Orcish Mines
 14345 | Orc:1    | Found Lenaogikh's Gadget Shoppe.
 14402 | Orc:2    | Entered Level 2 of the Orcish Mines
 14420 | Orc:2    | Found a staircase to the Elven Halls.
 14452 | Orc:2    | Found a runed translucent gate.
 14452 | Orc:2    | Found a runed translucent gate.
 14456 | Orc:2    | Found a runed translucent gate.
 14456 | Orc:2    | Noticed Flugslaktarn's ghost (journeyman VSIE)
 14457 | Orc:2    | Noticed melvinkitnick's ghost (journeyman DrTm)
 14457 | Orc:2    | Noticed Flugslaktarn's ghost (journeyman VSIE)
 14972 | Orc:2    | Received a gift from Okawaru
 15191 | Orc:2    | Noticed an orc warlord
 15230 | Orc:2    | Killed an orc warlord
 15244 | Orc:2    | Found a roughly hewn altar of Beogh.
 15365 | Orc:2    | Found Iget's General Store.
 15371 | Orc:2    | Bought a scroll of blinking for 135 gold pieces
 15381 | Orc:2    | Found Tysalisa's Jewellery Shop.
 15407 | Orc:2    | Found Naxtab's Antique Weapon Shop.
 15422 | Orc:2    | Found Juoreeqirch's Antique Armour Shop.
 15430 | Orc:2    | Bought a shiny tower shield for 217 gold pieces
 15519 | Orc:2    | Banished Flugslaktarn's ghost
 15521 | Orc:2    | Banished melvinkitnick's ghost
 15532 | Orc:2    | Killed Flugslaktarn's ghost
 15532 | Orc:2    | Received a gift from Okawaru
 15762 | D:4      | Bought a scroll of teleportation for 30 gold pieces
 15762 | D:4      | Bought a scroll of enchant weapon for 75 gold pieces
 15762 | D:4      | Bought a scroll of enchant weapon for 75 gold pieces
 15762 | D:4      | Bought a scroll of teleportation for 30 gold pieces
 15762 | D:4      | Bought a scroll of enchant armour for 75 gold pieces
 16030 | Snake:1  | Entered Level 1 of the Snake Pit
 16069 | Snake:1  | Noticed Josephine
 16074 | Snake:1  | Killed Josephine
 16153 | Snake:1  | Noticed Aizul
 16174 | Snake:1  | Banished Aizul
 16219 | Snake:1  | Found Qicocoq's Antique Weapon Shoppe.
 16221 | Snake:1  | Found Zaipeschi's Distillery.
 16223 | Snake:1  | Found Himnag's Magic Scroll Shoppe.
 16329 | Snake:1  | Received a gift from Okawaru
 16451 | Snake:1  | Noticed Frances
 16464 | Snake:1  | Killed Frances
 16485 | Snake:2  | Received a gift from Okawaru
 16485 | Snake:2  | Reached XP level 16. HP: 110/155 MP: 21/21
 16801 | Snake:1  | Bought a potion of heal wounds for 85 gold pieces
 16858 | Snake:2  | Noticed Jorgrun
 16869 | Snake:2  | Banished Jorgrun
 16998 | Snake:3  | Identified the cursed +0 kite shield "Ybaczu" {Str+3 Int-5
                  | Stlth+}
 16998 | Snake:3  | Noticed Asterion
 17011 | Snake:3  | Banished Asterion
 17058 | Snake:4  | Entered Level 4 of the Snake Pit
 17068 | Snake:4  | Found a frozen archway.
 17481 | Snake:3  | Found Xounolu's Gadget Emporium.
 17482 | Snake:3  | Found Jutaed's Jewellery Boutique.
 17484 | Snake:3  | Found Porut's Gadget Emporium.
 17595 | IceCv    | Entered an ice cave
 17641 | IceCv    | Received a gift from Okawaru
 17721 | IceCv    | Reached skill level 11 in Throwing
 18110 | Snake:3  | Reached XP level 17. HP: 52/163 MP: 20/22
 18883 | Snake:4  | Reached skill level 12 in Throwing
 19116 | Snake:4  | Reached skill level 10 in Armour
 19312 | Snake:4  | Got a serpentine rune of Zot
 19499 | Snake:1  | Bought a scroll of magic mapping for 66 gold pieces
 19499 | Snake:1  | Bought a scroll of teleportation for 57 gold pieces
 19499 | Snake:1  | Bought a scroll of teleportation for 57 gold pieces
 19532 | Shoals:1 | Entered Level 1 of the Shoals
 19669 | Shoals:1 | Reached skill level 13 in Throwing
 19727 | Shoals:2 | Reached skill level 10 in Shields
 19934 | Shoals:2 | Received a gift from Okawaru
 20052 | Shoals:2 | Reached XP level 18. HP: 127/172 MP: 20/23
 20229 | Shoals:3 | Reached skill level 14 in Throwing
 20692 | Shoals:3 | Found a runed translucent gate.
 20692 | Shoals:3 | Found a runed translucent gate.
 20692 | Shoals:3 | Found a runed translucent gate.
 20693 | Shoals:3 | Noticed mortelune's ghost (adept FoAK)
 20844 | Shoals:3 | Killed mortelune's ghost
 20916 | Shoals:3 | Got a pair of faintly glowing gloves
 20918 | Shoals:3 | Got a slimy tin ring
 20922 | Shoals:3 | Identified the ring "Rucraem" {Wiz rC- Str+4 Dex+6 Slay+3}
                  | (You found it on level 3 of the Shoals)
 20924 | Shoals:3 | Identified the ring of the Sun {+Fly AC+4 Str+2} (You found
                  | it on level 3 of the Shoals)
 20935 | Shoals:3 | Identified the +1 pair of gloves of Alaqaz {*Slow +Inv rN++
                  | Int-3 SInv} (You found it on level 3 of the Shoals)
 20988 | Shoals:4 | Entered Level 4 of the Shoals
 21021 | Shoals:4 | Reached skill level 15 in Throwing
 21032 | Shoals:4 | Found Tebruas's Assorted Antiques.
 21053 | Shoals:4 | Bought a scroll of magic mapping for 98 gold pieces
 21053 | Shoals:4 | Bought a murky inky potion for 25 gold pieces
 21063 | Shoals:4 | Received a gift from Okawaru
 21184 | Shoals:4 | Identified the amulet of Funao {Regen+ Str+4 SInv} (You
                  | found it on level 4 of the Shoals)
 21622 | Shoals:4 | Received a gift from Okawaru
 21681 | Shoals:4 | Got a barnacled rune of Zot
 21913 | Slime:1  | Entered Level 1 of the Pits of Slime
 21930 | Slime:1  | Reached skill level 5 in Dodging
 22019 | Slime:4  | Gained mutation: You are frail. (-10% HP) [a shining eye]
 22074 | Slime:5  | Entered Level 5 of the Pits of Slime
 22130 | Slime:5  | Received a gift from Okawaru
 22179 | Slime:5  | Reached XP level 19. HP: 106/161 MP: 15/24
 22257 | Slime:5  | Noticed the Royal Jelly
 22582 | Slime:5  | Received a gift from Okawaru
 22636 | Slime:5  | Found a viscous altar of Jiyva.
 22650 | Slime:5  | Found the +2 hat of the Bear Spirit {Spirit, +Rage rN+
                  | MR++}
 22740 | Slime:5  | Received a gift from Okawaru
 22767 | Slime:5  | Killed the Royal Jelly
 22861 | Slime:5  | Got a slimy rune of Zot
 22877 | Slime:5  | Received a gift from Okawaru
 22929 | Slime:5  | Identified the +3 battleaxe of the Little People {holy,
                  | Int+4 Dex+3} (You found it on level 5 of the Pits of Slime)
 22933 | Slime:5  | Identified the +3 trident of Wiessys {holy, rN+ Str+2} (You
                  | found it on level 5 of the Pits of Slime)
 23408 | D:3      | Banished sanka's ghost
 23409 | D:3      | Killed crawlian's ghost
 23411 | D:3      | Killed slayr's ghost
 23680 | Elf:1    | Entered Level 1 of the Elven Halls
 23699 | Elf:1    | Noticed Agnes
 23703 | Elf:1    | Noticed Kirke
 23709 | Elf:1    | Banished Agnes
 23711 | Elf:1    | Banished Kirke
 23804 | Elf:1    | Found Zofahu's Food Shoppe.
 23899 | Elf:1    | Reached skill level 15 in Axes
 24105 | Elf:2    | Found a shimmering blue altar of Sif Muna.
 24198 | Elf:2    | Found a runed translucent door.
 24199 | Elf:2    | Noticed Ruet's ghost (adept CeHu)
 24231 | Elf:2    | Killed Ruet's ghost
 24231 | Elf:2    | Reached XP level 20. HP: 49/168 MP: 9/25
 24410 | Elf:1    | Noticed Louise
 24483 | Elf:3    | Entered Level 3 of the Elven Halls
 24572 | Elf:3    | Noticed Saint Roka
 24598 | Elf:3    | Received a gift from Okawaru
 24601 | Elf:3    | Killed Saint Roka
 24811 | Elf:3    | Received a gift from Okawaru
 24861 | Elf:3    | Noticed Nikola
 24874 | Elf:3    | Banished Nikola
 25196 | Elf:2    | Found Raymuras's Gadget Emporium.
 25296 | Elf:2    | Found a huge runed translucent gate.
 25296 | Elf:2    | Found a huge runed translucent gate.
 25296 | Elf:2    | Found a huge runed translucent gate.
 25296 | Elf:2    | Found a huge runed translucent gate.
 25297 | Elf:2    | Found a huge runed translucent gate.
 25395 | Elf:3    | Received a gift from Okawaru
 25504 | Elf:3    | Identified the +2 helmet of the Solstice {+Blink +Fly
                  | Int+5} (You found it on level 3 of the Elven Halls)
 25524 | Elf:3    | Lost mutation: You are frail. (-10% HP) [potion of
                  | mutation]
 25524 | Elf:3    | Gained mutation: You are covered in fur. (AC +1) [potion of
                  | mutation]
 25524 | Elf:3    | Gained mutation: You are somewhat resistant to further
                  | mutation. [potion of mutation]
 25545 | Elf:3    | Identified the +3 plate armour of Submission {rF+} (You
                  | found it on level 3 of the Elven Halls)
 25878 | Elf:1    | Banished Louise
 26241 | D:14     | Banished a bone dragon
 26321 | D:14     | Received a gift from Okawaru
 26360 | D:14     | Killed Zuss's ghost
 26445 | Vaults:1 | Entered Level 1 of the Vaults
 26471 | Vaults:1 | Found Yppie's General Store.
 26479 | Vaults:1 | Bought a scroll of magic mapping for 59 gold pieces
 26520 | Vaults:1 | Reached XP level 21. HP: 192/194 MP: 23/26
 26793 | Vaults:2 | Received a gift from Okawaru
 26907 | Vaults:2 | Found a staircase to the Crypt.
 26970 | Vaults:4 | Received a gift from Okawaru
 27255 | Vaults:4 | Received a gift from Okawaru
 27291 | Vaults:4 | Reached skill level 16 in Throwing
 27357 | Vaults:4 | Received a gift from Okawaru
 27358 | Vaults:4 | Identified the +4 broad axe of Excruciating Pain {vamp,
                  | rPois} (Okawaru gifted it to you on level 4 of the Vaults)
 27566 | Vaults:4 | Identified the +9 arbalest of Kododa {freeze, rN+}
 27792 | Vaults:3 | Found the +7 great mace "Undeadhunter" {disrupt, rN+}
 27868 | Vaults:3 | Noticed Margery
 27924 | Vaults:3 | Killed Margery
 28054 | Vaults:3 | Reached XP level 22. HP: 202/202 MP: 26/28
 28218 | Vaults:1 | Reached skill level 17 in Throwing
 28309 | Vaults:1 | Reached ****** piety under Okawaru
 28435 | Vaults:2 | Received a gift from Okawaru
 28439 | Vaults:2 | Identified the +4 hand axe of Magnificence {vorpal, rF+}
                  | (Okawaru gifted it to you on level 2 of the Vaults)
 28878 | Vaults:3 | Reached skill level 18 in Throwing
 29084 | Vaults:4 | Found Waexkaof's Assorted Antiques.
 29100 | Vaults:4 | Bought a warped silver ring for 120 gold pieces
 29100 | Vaults:4 | Identified the ring "Lusom" {Str+6 Stlth+} (You bought it
                  | in a shop on level 4 of the Vaults)
 29215 | Vaults:3 | Received a gift from Okawaru
 29265 | Vaults:5 | Entered Level 5 of the Vaults
 29279 | Vaults:5 | Reached skill level 19 in Throwing
 29335 | Vaults:5 | Identified the +2 scale mail "Xottyke" {rElec}
 29374 | Vaults:5 | Reached XP level 23. HP: 100/209 MP: 18/29
 29411 | Vaults:5 | Identified the ring "Afo Leucw" {rPois SInv}
 29449 | Vaults:5 | Reached skill level 15 in Armour
 29464 | Vaults:5 | Identified the +8 arbalest of Ehuoci Wemur {freeze, Dex+2}
 29628 | Vaults:5 | Identified the ring "Paes" {rPois Str+4 Slay+2 Stlth-} (You
                  | found it on level 5 of the Vaults)
 29652 | Vaults:5 | Identified the +2 helmet of Free Expression {+Blink rPois
                  | rC++ MR-} (You found it on level 5 of the Vaults)
 29814 | Vaults:5 | Reached skill level 20 in Throwing
 29827 | Vaults:5 | Reached skill level 10 in Invocations
 30012 | Vaults:5 | Received a gift from Okawaru
 30165 | Vaults:5 | Received a gift from Okawaru
 30189 | Vaults:5 | Got a silver rune of Zot
 30368 | Vaults:5 | Identified the +3 chain mail of the Bagpipe {rC+ Str+5
                  | Int-4} (You found it on level 5 of the Vaults)
 30384 | Vaults:5 | Identified the +3 chain mail of the Sky {rElec rC+ Int+4}
 30438 | Vaults:3 | Upgraded the game from 0.26-a0-259-g1effd001a9 to
                  | 0.27-a0-203-gd48b2df3c9
 30778 | D:$      | Got out of the dungeon!

Illustrated notes

Levels and vault maps discovered:
D:1:      lightli_arrival_maybe_door_vault, layout_basic
D:2:      layout_rooms, good_gods_mini_temple
D:3:      layout_loops_corners, gammafunk_ghost_cemetery, uniq_sigmund
D:4:      layout_basic, serial_shops, nicolae_shop_trees, uniq_natasha,
          uniq_robin, uniq_edmund
D:5:      layout_layer_cave, fedhas_altar_1, first_ration, serial_shops,
          nicolae_shop_trees, shop, shop, minmay_misc_feat_ornament, tgw_trog
D:6:      layout_loops_ring, nicolae_ru_great_annihilating_truth,
          old_standard_altar, minmay_temple_entry_nine_rooms,
          minmay_misc_feat_nine_boxes
D:7:      layout_layer_cave, serial_bayou, serial_bayou_pond_a,
          serial_bayou_crossing, serial_bayou_lake_a, serial_bayou_shore_b,
          the_bakery, minmay_misc_feat_tower
D:8:      layout_basic, nicolae_overflow_hidden_temple, vehumet_altar_wand_db
D:9:      layout_long_grid, old_standard_altar, nicolae_qazlal_eye_of_the_storm,
          lemuel_round_altar, lemuel_doored_altar, serial_shops, shop,
          grunt_dithmenos_shadows
D:10:     gammafunk_beogh_shrine, layout_loops_ring, david_lair_shrubbed,
          hiddenorc2_lemuel, st_stairs_1, kennysheep_small_circle
D:11:     layout_rooms
D:12:     layout_roguey, eino_jars, uniq_nessos, uniq_nergalle
D:13:     minmay_curly_fans, layout_irregular_city, erik_vaults_2, serial_shops,
          kennysheep_little_box, minmay_misc_feat_roman
D:14:     layout_loops_ring, gammafunk_ghost_fury_of_okawaru,
          grunt_decor_resistance, minmay_guarded_unrand_zonguldrok
D:15:     gammafunk_enter_depths_forms, layout_rooms, ashenzari_altar_1,
          serial_park_tiny_2
Temple:   compressed_dpeg_triangle_lava_temple
Lair:1:   layout_cave_pods, grunt_forest_large_clearing_hut,
          minmay_lair_oklob_chamber, lemuel_fruit_fields, grunt_megastairs_3,
          lemuel_fruit_fields, lemuel_fruit_fields
Lair:2:   wander_river, layout_regular_city
Lair:3:   layout_regular_city, eino_small_chamber_without_monster
Lair:4:   layout_layer_cave, minmay_shoals_entry_beasts, dummy_snake_entry,
          columned_hall_lemuel, grunt_megastairs_2
Lair:5:   layout_big_grid, uniq_snorg
Lair:6:   evil_forest, layout_regular_city, minmay_slime_entry_jelly_boxes,
          nicolae_volcano_entry_hallway, nicolae_quartered_pool_medium
Shoals:1: layout_shoals, ebering_ghost_xom
Shoals:2: layout_shoals
Shoals:3: layout_shoals, gammafunk_ghost_tricky_traps
Shoals:4: shoals_end_grunt_ice, layout_shoals, serial_shops,
          nicolae_shop_overgrown_old_shop
Snake:1:  layout_basic, minmay_shop_star, serial_bayou_shore_b,
          grunt_megastairs_1, uniq_aizul, uniq_josephine, uniq_frances
Snake:2:  layout_misc_corridors, uniq_jorgrun
Snake:3:  layout_gridlike, minmay_shop_grove, uniq_asterion
Snake:4:  snake_pit_salamanders_mu, layout_rooms,
          portal_ice_cave_entry_pillars_three, nicolae_coiled_stairwell_up
Slime:1:  layout_caves
Slime:2:  layout_caves, nicolae_slime_welcoming_committee
Slime:3:  layout_caves, basic_altar, uniq_dissolution
Slime:4:  layout_caves, dissolution_awaits
Slime:5
Orc:1:    layout_caves, serial_shops, nicolae_shop_window_shopping,
          nicolae_orc_lava_tube
Orc:2:    grunt_orc_cross, layout_diamond_mine, gammafunk_ghost_cemetery
Elf:1:    minmay_the_grid_3x3 [minmay_the_grid_diamond_grid,
          minmay_the_grid_minigrid_large, minmay_the_grid_tree,
          minmay_the_grid_garden, minmay_the_grid_eight, minmay_the_grid_paths,
          minmay_the_grid_outer_diamond, minmay_the_grid_dragon_a,
          minmay_the_grid_prize_trominoes], layout_gridlike, serial_shops,
          nicolae_shop_trees, minmay_elf_demonology, uniq_louise, uniq_roxanne,
          uniq_kirke, uniq_agnes
Elf:2:    layout_loops_cross, ebering_ghost_inner_flame, basic_altar,
          serial_shops, shop
Elf:3:    minmay_elf_hall_furrowed, layout_geoelf_grid,
          lemuel_flamethrower_hall, roderic_lattice_octagonal_star,
          uniq_saint_roka, uniq_nikola
Vaults:1: ebering_vaults_ghost_gozag, hangedman_vaults_hat, vaults_room_fours,
          vaults_room_stairs_pillars, ontoclasm_vaults_gateway, v_rooms_2,
          nicolae_vaults_gold_heap, vaults_room_door_hall,
          nicolae_vaults_rhombus_5, layout_vaults_omnigrid, serial_shops, shop
Vaults:2: v_pattern_4, hangedman_vaults_slither, nicolae_vaults_little_ls,
          nicolae_vaults_specimen_jars, nicolae_vaults_alarming,
          hangedman_vaults_trim, minmay_crypt_entry_simple_box,
          st_smaller_cells, v_alt_pattern_2, nicolae_vaults_theta,
          hangedman_vaults_corner_blocks, vaults_room_stairs_pillars,
          vaults_room_stairs_pillars, layout_vaults_chaotic_city, uniq_mennas
Vaults:3: vaults_room_grunt_arrival_ludios, v_misc_25, vaults_room_grid,
          v_alt_pattern_2, nicolae_vaults_big_angled_halls, vaults_dpeg_spiral,
          v_misc_2, dpeg_vaults_pockets_of_resistance,
          ontoclasm_vaults_decontamination, vaults_room_boxed, v_misc_19,
          vaults_standard_mumra_enter_the_diamond, layout_vaults_big_cross,
          uniq_margery
Vaults:4: nicolae_vaults_yaktaur_gun_rack, hangedman_vaults_unwind, v_misc_29,
          v_misc_24, nicolae_vaults_octagons, v_misc_2, grunt_vaults_swirl,
          hangedman_vaults_corner_blocks, v_pattern_2,
          nicolae_vaults_ring_of_whatevers, vaults_room_pools,
          grunt_vaults_focal, ontoclasm_vaults_tryst,
          ontoclasm_vaults_loading_screen, vaults_dpeg_hooks,
          nicolae_vaults_little_squares_5, vaults_dpeg_encased_lava,
          layout_vaults_omnibox, serial_shops, nicolae_shop_statue_plus
Vaults:5

Skill      XL: |  1  2  3  4  5  6  7  8  9 10 11 12 13 14 15 16 17 18 19 20 21 22 23 |
---------------+----------------------------------------------------------------------+-----
Fighting       | 3 4 5 6 7 8 9 11 12 14 17 18 19 | 19.2
Axes           | 1 2 3 4 6 7 9 10 11 12 15 17 | 17.9
Armour         | 1 4 6 8 9 10 11 12 14 15 | 15.1
Polearms       | 2 3 |  3.0
Throwing       | 3 4 6 7 9 10 11 13 15 16 19 20 | 20.0
Evocations     | 1 3 5 6 |  6.2
Invocations    | 2 4 5 7 9 12 | 12.3
Shields        | 1 2 5 6 8 10 11 12 13 | 13.0
Dodging        | 3 5 7 |  7.0
Short Blades   | |  1.7
Stealth        | |  2.4

Action                   |  1- 3 |  4- 6 |  7- 9 | 10-12 | 13-15 | 16-18 | 19-21 | 22-24 || total
-------------------------+-------+-------+-------+-------+-------+-------+-------+-------++-------
Melee: Dagger            |   112 |    66 |     5 |       |       |       |       |       ||   183
       Kick              |    16 |    24 |    63 |   184 |   502 |   394 |   495 |   397 ||  2075
       Scythe            |       |    61 |   168 |       |       |       |       |       ||   229
       Mace              |       |     4 |       |       |       |       |       |       ||     4
       Hand axe          |       |       |   119 |   717 |   216 |  1188 |  1190 |   875 ||  4305
       War axe           |       |       |       |       |  1139 |       |       |       ||  1139
       Morningstar       |       |       |       |       |    12 |       |       |       ||    12
Throw: Dart              |    12 |    26 |    44 |    55 |    28 |     9 |     3 |     3 ||   180
       Boomerang         |       |     1 |    26 |    56 |     4 |       |     2 |       ||    89
       Javelin           |       |       |       |    15 |    27 |    68 |   102 |    31 ||   243
Invok: Heroism           |       |       |    17 |    72 |    74 |    77 |    51 |    26 ||   317
       Finesse           |       |       |       |       |     3 |     2 |     1 |     1 ||     7
 Abil: Evoke Berserk Rag |       |       |       |       |       |       |     1 |       ||     1
Evoke: Wand              |       |       |    18 |    14 |    17 |    58 |       |     1 ||   108
       Phial of floods   |       |       |       |     1 |       |       |       |       ||     1
       Lightning rod     |       |       |       |       |     5 |       |       |       ||     5
       Tin of tremorston |       |       |       |       |       |       |     2 |       ||     2
  Use: Scroll            |       |     1 |    12 |    16 |    19 |    19 |    15 |    15 ||    97
       Potion            |       |       |     1 |     9 |     4 |     4 |     2 |     6 ||    26
 Stab: Sleeping          |     3 |       |     1 |     2 |     5 |     2 |       |       ||    13
       Paralysed         |       |       |    14 |       |       |     6 |       |       ||    20
       Confused          |       |       |     1 |       |       |       |       |       ||     1
       Distracted        |       |       |       |       |     1 |       |     1 |       ||     2
  Eat: Removed food      |       |       |     3 |     4 |     4 |     4 |     3 |     3 ||    21
Armor: Robe              |    26 |       |       |       |       |       |       |       ||    26
       Leather armour    |     4 |    40 |    62 |       |       |       |       |       ||   106
       Ring mail         |       |    41 |    43 |    21 |       |       |       |       ||   105
       Scale mail        |       |       |    50 |   217 |   502 |    84 |       |       ||   853
       Skin              |       |       |       |    28 |       |       |       |       ||    28
       Crystal plate arm |       |       |       |       |       |   459 |   405 |   155 ||  1019
       Gold dragon scale |       |       |       |       |       |       |       |    40 ||    40
Dodge: Dodged            |    48 |    86 |   131 |   213 |   555 |   226 |   185 |   106 ||  1550
Block: Buckler           |       |       |    27 |   184 |   376 |   183 |   133 |       ||   903
       Tower shield      |       |       |       |       |    83 |   667 |   583 |   762 ||  2095

Table legend: (Time is in decaauts)
 A = Elapsed time spent in this place.
 B = Non-inter-level travel time spent in this place.
 C = Inter-level travel time spent in this place.
 D = Time resting spent in this place.
 E = Time spent auto-exploring this place.
 F = Levels seen in this place.
 G = Mean time per level.
                   A        B        C        D        E       F      G
               +--------+--------+--------+--------+--------+-----+--------+
         Total |  22935 |  19138 |   3797 |     15 |      0 |  47 |  488.0 |
       Dungeon |   9383 |   7294 |   2089 |      9 |      0 |  15 |  625.5 |
        Temple |     43 |     34 |      9 |      0 |      0 |   1 |   43.0 |
          Lair |   2696 |   2085 |    611 |      2 |      0 |   6 |  449.3 |
        Shoals |   1942 |   1837 |    105 |      0 |      0 |   4 |  485.5 |
     Snake Pit |   2273 |   1947 |    326 |      0 |      0 |   4 |  568.2 |
    Slime Pits |    775 |    729 |     46 |      0 |      0 |   5 |  155.0 |
  Orcish Mines |    960 |    784 |    176 |      0 |      0 |   2 |  480.0 |
   Elven Halls |   1682 |   1465 |    217 |      3 |      0 |   3 |  560.7 |
        Vaults |   2794 |   2580 |    214 |      0 |      0 |   5 |  558.8 |
      Ice Cave |    218 |    218 |      0 |      0 |      0 |   1 |  218.0 |
       Volcano |    166 |    166 |      0 |      0 |      0 |   1 |  166.0 |
               +--------+--------+--------+--------+--------+-----+--------+

Top non-repeatable levels by time:
Vaults:3: 30 daAuts
Vaults:1: 29 daAuts
     D:3: 25 daAuts
Vaults:2: 20 daAuts
    D:10: 18 daAuts
     D:6: 17 daAuts
     D:1: 16 daAuts
     D:7: 15 daAuts
     D:8: 12 daAuts
     D:2: 11 daAuts
    D:12: 11 daAuts
    D:11: 10 daAuts
     D:5: 10 daAuts
     D:4: 8 daAuts
    D:13: 8 daAuts
Note: time per level data comes from an upgraded game and may be incomplete.
